 Dungeon Crawl Stone Soup version 0.14-a0-1029-g9530a8b (webtiles) character file.

71 PolkaDot the Ruinous (level 2, -4/19 HPs)
             Began as a Vampire Conjurer on Nov 23, 2013.
             Slain by Crazy Yiuf
             ... wielding a +4,+2 quarterstaff of chaos
              (8 damage)
             ... on Level 2 of the Dungeon.
             The game lasted 00:03:04 (1551 turns).

PolkaDot the Ruinous (Vampire Conjurer)             Turns: 1551, Time: 00:03:05

HP  -4/19        AC  2     Str  7      XL: 2   Next: 79%
MP   0/5         EV 12     Int 17      God:
Gold 47          SH  0     Dex 14      Spells:  2 memorised,  0 levels left

Res.Fire  : . . .   See Invis. : +   e - +1 dwarf dagger
Res.Cold  : . . .   Warding    : .   a - +0 robe
Life Prot.: + . .   Conserve   : .   (no shield)
Res.Poison: .       Res.Corr.  : .   f - +0 wizard hat
Res.Elec. : .       Clarity    : .   (no cloak)
Sust.Abil.: . .     Spirit.Shd : .   (no gloves)
Res.Mut.  : .       Stasis     : .   (no boots)
Res.Rott. : .       Flight     : .   (no amulet)
Saprovore : . . .                    (no ring)
                                     (no ring)

@: slowed, very slow, not resistant to hostile enchantments, stealthy
A: fangs 3, see invisible, unbreathing
a: no special abilities


You were on level 2 of the Dungeon.
You were not thirsty.

You visited 1 branch of the dungeon, and saw 2 of its levels.

You collected 47 gold pieces.

Inventory:

Hand weapons
 e - a +1,+1 dwarven dagger (weapon)
Armour
 a - a +0 robe (worn)
 f - a +0 wizard hat (worn)
Potions
 d - 2 potions of brilliance
 g - a potion of confusion {unknown}
 i - a potion of magic {unknown}
 l - a potion of curing {unknown}
Books
 c - a book of Conjurations

   Spells                             Type                      Level
   *Magic Dart                        Conjuration                  1
   *Searing Ray                       Conjuration                  2
   Dazzling Spray                     Conjuration/Hexes            3
   Iskenderun's Mystic Blast          Conjuration                  4
   Iskenderun's Battlesphere          Conjuration/Charms           4
   Fulminant Prism                    Conjuration/Hexes            5


   Skills:
 - Level 2.1 Dodging
 - Level 3.0 Stealth
 - Level 1.0 Spellcasting
 * Level 3.6 Conjurations


You couldn't memorise any spells.
You knew the following spells:

 Your Spells              Type           Power        Failure   Level  Hunger
s - Searing Ray           Conj           ##....       10%         2    ###....
z - Magic Dart            Conj           ##..         6%          1    ##.....


Dungeon Overview and Level Annotations

Branches:
Dungeon (2/16)

Altars:
Yredelemnul

Annotations:
D:2 Crazy Yiuf


Innate Abilities, Weirdness & Mutations

You have razor-sharp teeth.
You have supernaturally acute eyesight.
You can survive without breathing.


Message History

Crazy Yiuf misses you.
The searing ray hits Crazy Yiuf.
Crazy Yiuf is severely wounded.
* * * LOW MAGIC WARNING * * *
You hit Crazy Yiuf.
Crazy Yiuf is almost dead.
Crazy Yiuf grits, "Paint high head!"
Crazy Yiuf hits you with a quarterstaff of chaos!
Ouch! That really hurt!
* * * LOW HITPOINT WARNING * * *
You hit Crazy Yiuf but do no damage.
Crazy Yiuf is almost dead.
Crazy Yiuf says, "Tonal agre broken!"
Crazy Yiuf hits you with a quarterstaff of chaos.
* * * LOW HITPOINT WARNING * * *
You feel yourself slow down.
You hit Crazy Yiuf but do no damage.
Crazy Yiuf is almost dead.
Crazy Yiuf hits you with a quarterstaff of chaos!
You die...

****
,,****,,,,,,,**,,,,*,,,,,,,*
,,,,,,** *,,,,,,,*****,*,,
,,,,* ******* *,,,,,,,*
*,+,,,,,,,* ** * ****
***,,,,,,,* * **+****
######## *,.## **********
###**###)#).#.##**..# ,,,,
,,,,* #)))##))#))f.))####.#
, ,,,,,,,*
#.))g@####ff.....##.#
,,,,,,,,,* #)))###
##f#..#.##.## ,,,,,,,,,*
###** #####.......
,,,,,,,,,* #.......
,,,,,,,,,* #.......
,,,,,,,,,**********
###....... ,
,,,,,,,**,,,,,,,* #.........
**+********,,,,,,,
###....... *,* ** ***+**
#####.##


You could see Crazy Yiuf.

Vanquished Creatures
  A giant gecko (D:2)
  An ooze (D:1)
  A ball python (D:2)
  2 giant cockroaches
  2 hobgoblins (D:1)
  2 kobolds (D:2)
  8 goblins (D:1)
  2 rats (D:1)
  A spectral orc (D:2)
20 creatures vanquished.

Notes
Turn   | Place    | Note
--------------------------------------------------------------
     0 | D:1      | PolkaDot, the Vampire Conjurer, began the quest for the Orb.
     0 | D:1      | Reached XP level 1. HP: 13/13 MP: 4/4
   222 | D:1      | Reached XP level 2. HP: 13/19 MP: 5/5
  1116 | D:2      | Found a basalt altar of Yredelemnul.
  1123 | D:2      | Learned a level 2 spell: Searing Ray
  1544 | D:2      | Noticed Crazy Yiuf
  1551 | D:2      | Slain by Crazy Yiuf

Action                   || total
-------------------------++-------
Melee: Dagger            ||    83
       Unarmed           ||     2
 Cast: Magic Dart        ||    12
       Searing Ray       ||     2
  Use: Scroll            ||     3
       Potion            ||     1
 Stab: Sleeping          ||     2
